 Dungeon Crawl Stone Soup version 0.24-b1-30-g840c9ef (webtiles) character file.

Game seed: 15221806342575497439, levelgen mode: deterministic

693 2tousent the Grave Robber (level 7, 0/55 HPs)
             Began as a Deep Dwarf Necromancer on Oct 24, 2019.
             Was an Initiate of Gozag.
             Slain by a killer bee zombie (5 damage)
             ... on level 5 of the Dungeon.
             The game lasted 00:15:58 (4847 turns).

2tousent the Grave Robber (Deep Dwarf Necromancer)  Turns: 4847, Time: 00:15:58

Health: 0/55       AC:  5    Str: 14    XL:     7   Next: 37%
Magic:  14/14      EV: 13    Int: 15    God:    Gozag
Gold:   410        SH:  0    Dex: 18    Spells: 12/16 levels left

rFire    + . .     SeeInvis +   v - +0 hand axe
rCold    . . .     Gourm    .   (no shield)
rNeg     . . .     Faith    .   s - +1 robe of the Elephant {+Inv rF+ SInv Stlth+}
rPois    .         Spirit   .   (no helmet)
rElec    .         Reflect  .   (no cloak)
rCorr    .         Harm     .   r - +0 pair of gloves
MR       +....                  q - +0 pair of boots
Stlth    ++++......             (no amulet)
HPRegen  0.00/turn              m - +5 ring of dexterity
MPRegen  0.14/turn              p - ring of stealth

@: non-regenerating
A: damage resistance, heal wounds, sense surroundings 1, no regeneration
a: Heal Wounds, Potion Petition, Call Merchant, Bribe Branch, Renounce Religion,
Evoke Invisibility


You were on level 5 of the Dungeon.
You worshipped Gozag.
Gozag was aware of your devotion.
You were hungry.

You visited 1 branch of the dungeon, and saw 5 of its levels.

You collected 443 gold pieces.
You paid 33 gold pieces to Gozag.

Inventory:

Hand Weapons
 b - a +1 spear
 v - a +0 hand axe (weapon)
Armour
 a - a +0 robe
 h - a +0 ring mail
 i - a +2 large shield
 q - a +0 pair of boots (worn)
 r - a +0 pair of gloves (worn)
 s - the +1 robe of the Elephant (worn) {+Inv rF+ SInv Stlth+}
   (You found it on level 4 of the Dungeon)

   It protects you from fire.
   It lets you see invisible.
   It lets you turn invisible.
   It makes you more stealthy.
Jewellery
 m - a +5 ring of dexterity (left hand)
 p - a ring of stealth (right hand)
Wands
 t - a wand of enslavement (8)
Scrolls
 d - 7 scrolls of identify
 e - 2 scrolls of amnesia
 f - 2 scrolls of teleportation
 n - a scroll of remove curse {unknown}
Potions
 g - 2 potions of lignification
 j - a potion of brilliance {unknown}
 k - a potion of heal wounds {unknown}
 l - a potion of might {unknown}
 o - 5 potions of curing {unknown}
 u - a potion of berserk rage {unknown}
Comestibles
 c - 2 rations


   Skills:
 + Level 2.3 Axes
 - Level 2.1 Dodging
 - Level 2.4 Stealth
 - Level 5.1 Spellcasting
 - Level 7.2 Necromancy


You had 12 spell levels left.
You knew the following spells:

 Your Spells              Type           Power        Failure   Level  Hunger
a - Vampiric Draining     Necr           ####......   2%          3    ###....
c - Pain                  Necr           ####         1%          1    None

Your spell library contained the following spells:

 Spells                   Type           Power        Failure   Level  Hunger
 Animate Skeleton         Necr           N/A          1%          1    None
 Animate Dead             Necr           N/A          9%          4    ####...
 Regeneration             Chrm/Necr      Unusable     N/A         3    N/A

Dungeon Overview and Level Annotations

Branches:
Dungeon (5/15)             Temple (0/1) D:5

Altars:
Gozag
Okawaru
Zin


Innate Abilities, Weirdness & Mutations

You are resistant to damage.
You can heal yourself by infusing magical energy.
You passively map a small area around you.
You do not regenerate.


Message History

The killer bee zombie closely misses you.
You barely miss the killer bee zombie.
The killer bee zombie is moderately damaged.
The killer bee zombie closely misses you.
The killer bee zombie misses you.
You hit the killer bee zombie.
The killer bee zombie is heavily damaged.
The killer bee zombie closely misses you.
The killer bee zombie misses you.
You slash the killer bee zombie!
The killer bee zombie is severely damaged.
The killer bee zombie hits you.
* * * LOW HITPOINT WARNING * * *
The killer bee zombie closely misses you.
You closely miss the killer bee zombie.
The killer bee zombie is severely damaged.
The killer bee zombie completely misses you.
The killer bee zombie hits you.
You die...
Your body crumbles into a pile of gold.

*###...# * *
...... ,# #
..... .##
##.##...##...#
#..#.....#...#
...._......# ,*,
#.Z...#...## *
.##.##@..##.....
*
..............#
* .#
###...).....#.#
.#.#
#.#.#.+#..#.#
#..#.# #
#.#..#..#.#
#...#.
...#.#....#
#....# ####
.##<### #..... *
.##.# #..... *
*#.# #.....


You could see a killer bee zombie.

Vanquished Creatures
  2 ogres (D:4)
  A centaur (D:5)
  2 howler monkeys (D:4)
  A centaur zombie (D:5)
  A hound (D:4)
  An orc priest (D:4)
  An orc wizard (D:4)
  Jessica (D:3)
  2 worker ants (D:4)
  A gnoll (D:4)
  11 adders
  2 oozes (D:1)
  2 worms
  A dart slug (D:1)
  5 leopard geckos
  6 orcs
  2 giant cockroaches
  2 goblins
  3 hobgoblins (D:1)
  2 jackals (D:3)
  2 quokkas
  7 bats
  5 frilled lizards
  3 kobolds
  7 rats
73 creatures vanquished.

Notes
Turn   | Place    | Note
-------+----------+-------------------------------------------
     0 | D:1      | 2tousent the Deep Dwarf Necromancer began the quest for the
                  | Orb.
     0 | D:1      | Reached XP level 1. HP: 15/15 MP: 3/3
    76 | D:1      | Learned a level 1 spell: Animate Skeleton
   308 | D:1      | Reached XP level 2. HP: 13/22 MP: 4/4
   368 | D:1      | Reached skill level 5 in Necromancy
   861 | D:2      | Reached XP level 3. HP: 11/28 MP: 5/5
   866 | D:2      | Learned a level 3 spell: Vampiric Draining
  1439 | D:2      | Reached skill level 6 in Necromancy
  1528 | D:2      | Reached XP level 4. HP: 25/36 MP: 3/7
  2186 | D:3      | Noticed Jessica
  2187 | D:3      | Found an opulent altar of Gozag.
  2195 | D:3      | Became a worshipper of Gozag Ym Sagoz the Greedy
  2267 | D:3      | Killed Jessica
  2802 | D:4      | Found a glowing drain.
  2823 | D:4      | Reached XP level 5. HP: 35/42 MP: 2/8
  3056 | D:4      | Noticed an ogre
  3058 | D:4      | Got a transparent robe
  3068 | D:4      | Identified the +1 robe of the Elephant {+Inv rF+ SInv
                  | Stlth+} (You found it on level 4 of the Dungeon)
  3083 | D:4      | Killed an ogre
  3083 | D:4      | Reached skill level 7 in Necromancy
  3258 | D:4      | Noticed an ogre
  3260 | D:4      | Reached XP level 6. HP: 44/49 MP: 0/10
  3664 | D:4      | Found a glowing silver altar of Zin.
  4180 | D:4      | Reached XP level 7. HP: 26/55 MP: 2/14
  4274 | D:5      | Entered Level 5 of the Dungeon
  4425 | D:5      | Found a staircase to the Ecumenical Temple.
  4451 | D:5      | Reached skill level 1 in Axes
  4470 | D:5      | Reached skill level 5 in Spellcasting
  4832 | D:5      | Found an iron altar of Okawaru.
  4847 | D:5      | Slain by a killer bee zombie

Skill      XL: |  1  2  3  4  5  6  7 |
---------------+----------------------+-----
Necromancy     | 5 6 7 |  7.2
Spellcasting   | 2 3 4 5 |  5.1
Axes           | 2 |  2.3
Dodging        | |  2.1
Stealth        | |  2.4

Action                   |  1- 3 |  4- 6 |  7- 9 || total
-------------------------+-------+-------+-------++-------
Melee: Unarmed           |    47 |       |       ||    47
       Spear             |    88 |   125 |    18 ||   231
       Hand axe          |       |       |    53 ||    53
 Cast: Vampiric Draining |     7 |    36 |    10 ||    53
       Animate Skeleton  |     1 |       |       ||     1
Invok: Potion Petition   |       |     1 |       ||     1
 Abil: Heal Wounds       |       |       |     2 ||     2
  Use: Scroll            |       |     7 |       ||     7
 Stab: Sleeping          |     4 |     8 |     2 ||    14
       Fleeing           |       |     1 |       ||     1
  Eat: Chunk             |     1 |     3 |       ||     4
       Ration            |     1 |     2 |     1 ||     4
Armor: Robe              |    16 |     6 |    20 ||    42
       Ring mail         |    15 |    33 |       ||    48
Dodge: Dodged            |    77 |    79 |    62 ||   218
